 Dungeon Crawl Stone Soup version 0.17-a0-1802-g9847487 (webtiles) character file.

6869 SkyBlueFox the Conjurer (level 10, -26/63 HPs)
             Began as a Mummy Wizard on Sept 10, 2015.
             Was a Believer of Ashenzari.
             Annihilated by a hill giant
             ... wielding a +0 giant spiked club
              (45 damage)
             ... on level 10 of the Dungeon.
             The game lasted 01:21:16 (17542 turns).

SkyBlueFox the Conjurer (Mummy Wizard)             Turns: 17542, Time: 01:21:16

Health: -26/63     AC:  9    Str: 10    XL:     10   Next: 78%
Magic:  8/20       EV: 12    Int: 21    God:    Ashenzari [**....]
Gold:   257        SH:  0    Dex: 11    Spells: 7 memorised, 3 levels left

rFire  x . .     SeeInvis .     b - +2 whip "Enaet" {slash, rElec rPois} (curse)
rCold  + + .     Clarity  .     m - +1 robe {rC+} (curse)
rNeg   + + +     SustAt   .     (no shield)
rPois  ∞         Gourm    .     d - +0 helmet (curse)
rElec  +         Spirit   .     h - +1 cloak
rCorr  .         Warding  +     (no gloves)
rMut   .         Rnd*Tele +     e - +2 pair of boots (curse)
MR     +....                    i - amulet of warding
Stlth  ++........               (no ring)
                                p - ring of teleportation (curse)

@: very slightly contaminated, somewhat resistant to hostile enchantments,
unstealthy
A: no food or potions, fire vulnerability, cold resistance 1, negative energy
resistance 3, torment resistance, unbreathing
a: Scrying, Renounce Religion, Evoke Teleportation


You were on level 10 of the Dungeon.
You worshipped Ashenzari.
Ashenzari was pleased with you.
You were not hungry.

You visited 2 branches of the dungeon, and saw 12 of its levels.
You also visited: Labyrinth.

You collected 677 gold pieces.
You spent 420 gold pieces at shops.

Inventory:

Hand weapons
 b - the cursed +2 whip "Enaet" (weapon) {slash, rElec rPois}
   (You found it on level 4 of the Dungeon)

   It inflicts extra damage upon your enemies.
   It insulates you from electricity.
   It protects you from poison.
   It has a curse placed upon it.
 o - the +2 dire flail "Banisher" {speed, Dex+7 SInv Stlth-}
   (You found it on level 4 of the Dungeon)

   Attacks with this weapon are significantly faster.
   It affects your dexterity (+7).
   It lets you see invisible.
   It makes you less stealthy.
Missiles
 f - 47 stones (quivered)
Armour
 d - a cursed +0 helmet (worn)
 e - a cursed +2 pair of boots (worn)
 h - a +1 cloak (worn)
 m - a cursed +1 robe of cold resistance (worn)
 D - the +1 ring mail "Lomaetac" {Int+8}
   (You found it on level 8 of the Dungeon)

   It affects your intelligence (+8).
Jewellery
 i - an amulet of warding (around neck)
 j - an uncursed ring of fire
 p - a cursed ring of teleportation (left hand)
 t - the ring "Zouhiem" {-Tele rF+++ rN+ Str-5 Dex+4}
   (You found it on level 6 of the Dungeon)

   [ring of positive energy]

   It affects your strength (-5).
   It affects your dexterity (+4).
   It renders you almost immune to fire.
   It protects you from negative energy.
   It prevents most forms of teleportation.
 B - an uncursed amulet of stasis
 J - an uncursed ring of flight
 L - an uncursed ring of sustain attributes
Magical devices
 l - a wand of disintegration (3)
 n - a wand of paralysis (19)
 u - a wand of confusion (23)
 x - a wand of fire (0)
 y - a wand of slowing (32)
 A - a wand of draining (4)
 E - a wand of fire (0)
 F - a wand of lightning (0)
 K - a wand of fire (3)
 M - a wand of enslavement (11)
 P - a wand of enslavement (13)
Scrolls
 a - 11 scrolls of identify
 g - a scroll of blinking
 k - 3 scrolls of magic mapping
 q - 7 scrolls of enchant armour
 r - 3 scrolls of enchant weapon
 s - 5 scrolls of teleportation
 v - 2 scrolls of recharging
 w - 2 scrolls of remove curse
 z - 3 scrolls of curse weapon
 O - a scroll of fear
 S - 2 scrolls of curse armour
Books
 c - a book of Minor Magic

   Spells                             Type                      Level
   a - Magic Dart                     Conjuration                  1
   b - Blink                          Translocation                2
   c - Call Imp                       Summoning                    2
   d - Repel Missiles                 Charms/Air                   2
   e - Slow                           Hexes                        2
   f - Conjure Flame                  Conjuration/Fire             3
   g - Mephitic Cloud                 Conjuration/Poison/Air       3
 C - a book of Conjurations

   Spells                             Type                      Level
   a - Magic Dart                     Conjuration                  1
   b - Searing Ray                    Conjuration                  2
   c - Dazzling Spray                 Conjuration/Hexes            3
   d - Fulminant Prism                Conjuration/Hexes            4
   e - Iskenderun's Mystic Blast      Conjuration                  4
   f - Iskenderun's Battlesphere      Conjuration/Charms           5
 G - a book of Ice

   Spells                             Type                      Level
   a - Ice Form                       Ice/Transmutation            4
   b - Metabolic Englaciation         Hexes/Ice                    5
   c - Ozocubu's Refrigeration        Ice                          6
   d - Bolt of Cold                   Conjuration/Ice              6
   e - Freezing Cloud                 Conjuration/Ice/Air          6
   f - Simulacrum                     Ice/Necromancy               6
 N - a book of Hinderance

   Spells                             Type                      Level
   a - Confusing Touch                Hexes                        2
   b - Confuse                        Hexes                        3
   c - Gell's Gravitas                Hexes/Translocation          3
   d - Petrify                        Transmutation/Earth          4
   e - Metabolic Englaciation         Hexes/Ice                    5
Miscellaneous
 H - a box of beasts


   Skills:
 - Level 1.5(2.6) Dodging
 - Level 1.5(2.6) Stealth
 - Level 7.0 Spellcasting
 + Level 7.7 Conjurations
 + Level 7.0 Charms
 - Level 4.0 Summonings
 - Level 0.7 Translocations
 - Level 4.0 Fire Magic
 - Level 2.0 Air Magic
 - Level 3.0 Poison Magic


You had 3 spell levels left.
You knew the following spells:

 Your Spells              Type           Power        Failure   Level  Hunger
a - Magic Dart            Conj           ####         1%          1    N/A
b - Call Imp              Summ           ###.....     2%          2    N/A
c - Conjure Flame         Conj/Fire      ####....     2%          3    N/A
d - Mephitic Cloud        Conj/Pois/Air  ####....     4%          3    N/A
e - Blink                 Tloc           N/A          12%         2    N/A
f - Iskenderun's Mystic   Conj           #####...     3%          4    N/A
g - Iskenderun's Battles  Conj/Chrm      #####...     14%         5    N/A

Dungeon Overview and Level Annotations

Branches:
Dungeon (11/15)            Temple (1/1) D:5            Lair (0/8) D:11
    Orc (0/4) D:10

Altars:
Ashenzari
Cheibriados
Dithmenos
Elyvilon
Fedhas
Gozag
Kikubaaqudgha
Makhleb
Nemelex Xobeh
Okawaru
Qazlal
Ru
Sif Muna
Trog
Vehumet
Xom
Yredelemnul
Zin
The Shining One

Shops:
D:8 *   D:9 ?

Annotations:
D:10 Maud


Innate Abilities, Weirdness & Mutations

You do not eat or drink.
Your flesh is vulnerable to fire.
You are immune to poison.
Your flesh is cold resistant.
You are immune to negative energy.
You are immune to unholy pain and torment.
You can survive without breathing.


Message History

Zapping:
M - a wand of enslavement (will waste charges)
Press: ? - help, Shift-Dir - straight line, f/p - hill giant
Aim: a hill giant, wielding a giant spiked club (chance to defeat MR: 28%)
Okay, then.
Put on which piece of jewellery? (? for menu, Esc to quit)
Okay, then.
Read which item? (? for menu, Esc to quit)
Okay, then.
There is a stone staircase leading down here.
Casting: Mephitic Cloud
Confirm with . or Enter, or press ? or * to list all spells.
Okay, then.
Casting: Mephitic Cloud
Confirm with . or Enter, or press ? or * to list all spells.
You miscast Call Imp.
You are very lightly contaminated with residual magic.
Distant voices call out to you!
The hill giant hits you with a giant spiked club!!!
Ouch! That really hurt!
You die...

#...............##.
#...#...........##.
#...........5......
#...########'######
#...#........##....
#.#.#...##...##<...
#.#.#...#######....
#.C.'...#.....#....
#.@.#...#.###.#....
#.#.#...'.....#....
#...#...#.....#....
#...'...#.#...#....
#.#.#####.#...#....
#.........5...#....
#....###.#'####....
#.#......#((..(....
#...##'###[########


You could see a hill giant.

Vanquished Creatures
  A minotaur (Lab)
  A minotaur zombie (Lab)
  A troll (D:10)
  A two-headed ogre (D:10)
  A trapdoor spider (Lab)
  3 yaks (D:10)
  2 hippogriffs
  A hungry ghost (D:9)
  A steam dragon (D:10)
  A warg (D:11)
  The ghost of LordVetinari the Chiller, an average DEIE (D:3)
  2 sky beasts
  2 phantoms
  2 ogres (D:7)
  A black bear (D:11)
  An ice beast (D:5)
  2 centaurs
  A necrophage (D:10)
  A crocodile (D:8)
  A big kobold (D:8)
  3 giant frogs
  2 killer bees (D:8)
  A scorpion (D:5)
  11 wights
  3 crimson imps
  4 hounds (D:7)
  A jelly (D:7)
  A giant frog zombie (D:11)
  A centaur skeleton (Lab)
  A giant frog skeleton (D:8)
  3 worker ants
  2 orc priests (D:10)
  3 iguanas
  3 orc wizards
  2 sheep (D:9)
  A mummy (D:5)
  2 gnolls (D:5)
  7 adders
  3 shadow imps
  2 oozes
  2 adder zombies
  A worm (D:2)
  7 giant geckos
  21 orcs
  A ball python (D:2)
  7 bats
  4 giant cockroaches
  8 goblins (D:4)
  6 hobgoblins
  8 jackals
  3 quokkas
  2 giant newts
  A hobgoblin zombie (D:5)
  A jackal skeleton (D:4)
  9 kobolds
  A kobold zombie (D:5)
  2 orc zombies (D:5)
  8 rats
175 creatures vanquished.

Vanquished Creatures (collateral kills)
  A hill giant (D:10)
  Grinder (D:6)
  A troll (D:10)
  The ghost of twist the Destroyer, an average DECj (D:5)
  A deep elf mage (D:10)
  A human (D:9)
  A hippogriff (D:9)
  2 yaks (D:10)
  A steam dragon (D:7)
  A sky beast (D:9)
  A necrophage (D:5)
  2 ice beasts
  2 centaurs
  3 ogres
  2 scorpions
  A killer bee (D:8)
  A quasit (D:9)
  4 wights
  A crimson imp (D:5)
  A centaur skeleton (Lab)
  A giant frog skeleton (D:10)
  A jelly (D:10)
  Jessica (D:3)
  Terence (D:3)
  4 worker ants
  Natasha (thrice) (D:2)
  An iguana (D:10)
  2 sheep (D:9)
  Robin (D:4)
  2 gnolls (D:5)
  An adder (D:11)
  An ooze (D:3)
  A worm (D:2)
  2 giant geckos (D:2)
  An orc (D:3)
  A hobgoblin (D:2)
  A goblin (D:4)
  A quokka (D:7)
  2 rats
57 creatures vanquished.

Grand Total: 232 creatures vanquished

Notes
Turn   | Place    | Note
--------------------------------------------------------------
     0 | D:1      | SkyBlueFox the Mummy Wizard began the quest for the Orb.
     0 | D:1      | Reached XP level 1. HP: 13/13 MP: 4/4
   386 | D:1      | Reached skill level 1 in Conjurations
   642 | D:1      | Reached XP level 2. HP: 19/19 MP: 1/6
  1149 | D:1      | Learned a level 2 spell: Call Imp
  1257 | D:2      | Noticed Natasha
  1381 | D:2      | Reached XP level 3. HP: 6/24 MP: 1/7
  1600 | D:2      | Killed Natasha
  1600 | D:2      | Reached skill level 1 in Summonings
  1901 | D:2      | Noticed Natasha
  1922 | D:2      | HP: 1/24 [Natasha (8)]
  1940 | D:2      | Killed Natasha
  2248 | D:2      | Noticed Natasha
  2253 | D:2      | Killed Natasha
  2550 | D:2      | Reached XP level 4. HP: 27/30 MP: 0/9
  2854 | D:2      | Learned a level 3 spell: Conjure Flame
  2858 | D:2      | Learned a level 3 spell: Mephitic Cloud
  2889 | D:3      | Noticed Terence
  2954 | D:3      | Noticed LordVetinari's ghost (average DEIE)
  3438 | D:3      | Killed Terence
  3710 | D:3      | Noticed Jessica
  3723 | D:3      | Killed Jessica
  3885 | D:3      | Killed LordVetinari's ghost
  3885 | D:3      | Reached skill level 1 in Fire Magic
  3885 | D:3      | Reached XP level 5. HP: 24/35 MP: 0/10
  4452 | D:4      | Got a brightly glowing dire flail
  4692 | D:4      | Found an ancient bone altar of Kikubaaqudgha.
  4692 | D:4      | Found a snail-covered altar of Cheibriados.
  4765 | D:4      | Identified the +2 dire flail "Banisher" {speed, Dex+7 SInv Stlth-} (You found it on level 4 of the Dungeon)
  4780 | D:4      | Noticed a phantom
  4852 | D:4      | Upgraded the game from 0.17-a0-1793-gcbb3aa1 to 0.17-a0-1802-g9847487
  4923 | D:4      | Killed a phantom
  4923 | D:4      | Reached skill level 4 in Conjurations
  4923 | D:4      | Reached XP level 6. HP: 36/41 MP: 5/11
  5051 | D:4      | Noticed Robin
  5105 | D:4      | Killed Robin
  5614 | D:4      | Got a warped whip
  5615 | D:4      | Identified the +2 whip "Enaet" {slash, rElec rPois} (You found it on level 4 of the Dungeon)
  5629 | D:5      | Entered Level 5 of the Dungeon
  5635 | D:5      | Noticed twist's ghost (average DECj)
  5656 | D:5      | Killed twist's ghost
  5824 | D:5      | Reached XP level 7. HP: 46/46 MP: 7/13
  6175 | D:5      | Found a staircase to the Ecumenical Temple.
  6304 | D:5      | Found a deep blue altar of Sif Muna.
  6329 | D:5      | Reached skill level 5 in Spellcasting
  6486 | Temple   | Entered the Ecumenical Temple
  6612 | Temple   | Became a worshipper of Ashenzari the Shackled
  7247 | D:5      | Reached skill level 1 in Poison Magic
  7247 | D:5      | Reached XP level 8. HP: 40/52 MP: 6/15
  8314 | D:6      | Found a sparkling altar of Nemelex Xobeh.
  8409 | D:6      | Found an iron altar of Okawaru.
  8513 | D:6      | Noticed Grinder
  8539 | D:6      | Killed Grinder
  8646 | D:6      | Identified the ring "Zouhiem" {-Tele rF+++ rN+ Str-5 Dex+4} (You found it on level 6 of the Dungeon)
  9224 | D:7      | Acquired Ashenzari's first power
  9247 | D:7      | Reached skill level 1 in Air Magic
  9289 | D:7      | Reached skill level 6 in Spellcasting
  9397 | D:7      | Reached XP level 9. HP: 53/57 MP: 8/18
  9401 | D:7      | Learned a level 2 spell: Blink
  9658 | D:7      | Reached skill level 5 in Conjurations
 10820 | D:8      | Found Unem's Assorted Antiques.
 10835 | D:8      | Bought a dented fluorescent amulet for 100 gold pieces
 10835 | D:8      | Bought a papyrus book for 300 gold pieces
 10835 | D:8      | Bought a scroll labeled TYERAI DOVEA for 20 gold pieces
 10862 | D:8      | Learned a level 4 spell: Iskenderun's Mystic Blast
 10868 | D:8      | Learned a level 5 spell: Iskenderun's Battlesphere
 11293 | D:8      | Got the uncursed ring mail "Lomaetac" {Int+8}
 11304 | D:8      | Identified the +1 ring mail "Lomaetac" {Int+8} (You found it on level 8 of the Dungeon)
 11380 | D:9      | Found a white marble altar of Elyvilon.
 11431 | D:9      | Reached skill level 1 in Charms
 11557 | D:9      | Found a shadowy altar of Dithmenos.
 11682 | D:9      | Reached skill level 7 in Spellcasting
 12090 | D:9      | Found a radiant altar of Vehumet.
 12192 | D:9      | Acquired Ashenzari's second power
 12200 | D:9      | Found Coggum's Magic Scroll Emporium.
 12405 | D:10     | Entered Level 10 of the Dungeon
 12405 | D:10     | Noticed a hill giant
 12749 | D:10     | Found a staircase to the Orcish Mines.
 12849 | D:10     | Identified the +2 short sword of Tortfeasance {pain, rPois Stlth+}
 13304 | D:10     | Reached XP level 10. HP: 29/63 MP: 9/20
 13382 | D:10     | Killed a hill giant
 13858 | D:10     | Reached skill level 5 in Charms
 14187 | D:11     | Found a labyrinth entrance.
 14195 | D:11     | Found a staircase to the Lair.
 14520 | Lab      | Entered a labyrinth
 15225 | Lab      | Noticed a minotaur
 15234 | Lab      | Killed a minotaur
 15421 | Lab      | Identified the +7 short sword of Urgency {venom, *Rage rN++ Dex+6} (You found it in a labyrinth)
 15421 | Lab      | Identified the +2 robe "Piutea" {*Confuse rC+ rCorr Stlth+} (You found it in a labyrinth)
 15808 | D:11     | Noticed Maud
 16337 | D:11     | HP: 1/63 [Maud/long sword of slicing (5)]
 17497 | D:10     | Noticed a hill giant
 17542 | D:10     | Annihilated by a hill giant

Vault maps used:
D:1:      dpeg_arrival_arbitrary_a
D:2:      minmay_door_path, minmay_misc_feat_nine_boxes, kennysheep_crisscross,
          uniq_natasha
D:3:      uniq_terence, uniq_jessica
D:4:      gammafunk_temple_overflow_wave, kennysheep_small_spiral, uniq_robin
D:5:      kennysheep_little_box, minmay_temple_entry_fiery,
          portal_sewer_entry_e, first_bread, minmay_mini_ossuary
D:6:      nemelex_deck, okawaru_metal_pillars_1_2, uniq_grinder
D:8:      serial_shops, nicolae_shop_overgrown_old_shop
D:9:      overflow_temple_1_default, nicolae_overflow_crystal_walls,
          serial_co_window_serial, co_window_paths_b, co_window_paths_a,
          co_window_corner_a, co_window_corner_a, co_window_corner_a,
          co_window_corner_a, co_window_of_opportunity_a, co_window_broadway_b,
          co_window_paths_c, co_window_2corner, co_window_broadway_c,
          co_window_paths_c, serial_shops, shop_fountains, grunt_livestock,
          elyvilon_altar_1
D:10:     orc_0_dummy
D:11:     erik_lair_orcish_takeover, lab_entry_generic, uniq_maud
Temple:   circular_temple_12
Lab:      labyrinth_hidden_loot, nicolae_lab_garden, nicolae_lab_lava

Action                   |  1- 3 |  4- 6 |  7- 9 | 10-12 || total
-------------------------+-------+-------+-------+-------++-------
Melee: Mace              |    29 |     7 |       |       ||    36
       Dire flail        |       |    19 |       |       ||    19
       Whip              |       |     4 |   213 |    52 ||   269
 Cast: Magic Dart        |    72 |    93 |   319 |    80 ||   564
       Call Imp          |     8 |    41 |   107 |    57 ||   213
       Conjure Flame     |       |     1 |     1 |     6 ||     8
       Mephitic Cloud    |       |       |     7 |    26 ||    33
       Iskenderun's Batt |       |       |       |     5 ||     5
       Iskenderun's Myst |       |       |       |     2 ||     2
 Abil: Evoke Teleportati |       |       |     1 |       ||     1
Evoke: Wand              |       |       |       |    13 ||    13
  Use: Scroll            |     4 |     6 |     6 |     2 ||    18
 Stab: Distracted        |       |       |     9 |       ||     9
       Confused          |       |       |     2 |     5 ||     7
       Sleeping          |       |       |     1 |       ||     1
